Cogmind - Beta 13 @@@ ROGUE MODE // 2024.03.31 @ 11:43:27 Player: Air Result: Destroyed by G-34 Mercenary with Small Laser Performance ------------- Evolutions (0) 0 Regions Visited (2) 400 Robots Destroyed (26) 130 Value Destroyed (418) 418 Prototype IDs (2) 40 Alien Tech Used (0) 0 Bonus (14) 14 TOTAL SCORE: 1002 Bonus ------- Follower Combat Kills 14 Cogmind --------- Core Integrity 0/250 Matter 170/300 Energy 100/100 System Corruption 0% Temperature Cool (15) Movement Flying (37) Location -10/Mines Parts ------- > --- POWER (1) -------- (None) > --- PROPULSION (2) --- Flight Unit Flight Unit > --- UTILITY (2) ------ Transport Network Coupler Light Armor Plating > --- WEAPON (2) ------- Light Assault Rifle Light Assault Rifle > --- INVENTORY (5) ---- Flight Unit Flight Unit Weight Redist. System Propulsion Shielding Light Cannon Peak State ------------ > --- POWER ------------ Ion Engine > --- PROPULSION ------- Light Treads Aluminum Leg > --- UTILITY ---------- Huge Storage Unit Weight Redist. System > --- WEAPON ----------- Shotgun Shotgun > --- INVENTORY -------- Ion Engine Compact Wheel Heat Sink Seismic Detector Transport Network Coupler Medium Laser Medium Laser Light Cannon Grenade Launcher Mining Laser [Rating: 11] Favorites ----------- Power Light Ion Engine Engine Light Ion Engine Propulsion Aluminum Leg Treads Light Treads Leg Aluminum Leg Wheel Wheel Flight Unit Flight Unit Utility Huge Storage Unit Device Seismic Detector Storage Huge Storage Unit Processor Transport Network Coupler Protection Light Armor Plating Weapon Medium Laser Energy Gun Medium Laser Ballistic Gun Shotgun Ballistic Cannon Light Cannon Launcher Grenade Launcher Special Weapon Mining Laser Build | -11 -10 -10 ------- Run | Yrd Mat Min Slots Evolved . | . . . Power . | . . . Propulsion . | . . . Utility . | . . . Weapon . | . . . Parts Attached 44 | 7 32 5 Power 5 | 1 4 . Engine 5 | 1 4 . Core . | . . . Reactor . | . . . Propulsion 13 | 2 9 2 Treads 1 | . 1 . Leg 5 | 2 3 . Wheel 3 | . 3 . Hover . | . . . Flight 4 | . 2 2 Utility 12 | . 11 1 Device 6 | . 6 . Storage 1 | . 1 . Processor 2 | . 2 . Hackware . | . . . Protection 3 | . 2 1 Artifact . | . . . Weapon 14 | 4 8 2 Energy Gun 7 | 3 4 . Energy Cannon . | . . . Ballistic Gun 4 | . 2 2 Ballistic Cannon 1 | . 1 . Launcher 1 | . 1 . Special Weapon 1 | 1 . . Impact Weapon . | . . . Slashing Weapon . | . . . Piercing Weapon . | . . . Special Melee Weapon . | . . . Unidentified Prototypes . | . . . Parts Lost 3 | . 3 . Power 2 | . 2 . Propulsion 1 | . 1 . Utility . | . . . Weapon . | . . . Highest Loss Streak 2 | . 2 . To Critical Strikes . | . . . Average Slot Usage (%) 78 | . 78 77 Engine 7 | . 9 . Treads 1 | . 2 . Leg 7 | . 9 . Wheel 4 | . 5 . Flight 7 | . 2 28 Device 8 | . 9 6 Storage 9 | . 11 . Processor 3 | . 1 14 Protection 1 | . . 7 Energy Gun 14 | . 15 8 Ballistic Gun 10 | . 9 12 Naked Turns . | . . . Heaviest Build 92 | 7 92 6 Greatest Support 26 | 20 26 10 Greatest Overweight (x) 28 | . 28 1 Average Overweight (x) 1 | . 4 . Largest Inventory Capacity 25 | 5 25 5 Average Capacity 12 | 5 21 5 Most Carried 11 | 3 11 5 Average Carried 2 | . 4 5 Final Capacity 5 | 5 5 5 Final Carried 5 | 1 5 5 Class Distribution -------------------- 89% | Mutant 10% | Scavenger-Mutant Dominant Class ---------------- Mutant | -10/Materials Mutant | -10/Mines Resources | -11 -10 -10 ----------- Run | Yrd Mat Min Matter Collected 741 | 270 384 87 Remotely . | . . . Salvage Created 584 | 60 476 48 Parts 48 | 4 40 4 Haulers Intercepted 1 | . 1 . Recyclers Shooed 1 | . 1 . Parts Field Recycled . | . . . Retrieved Matter . | . . . Parts Self-Destructed . | . . . Prevented . | . . . Kills | -11 -10 -10 ------- Run | Yrd Mat Min Combat Hostiles Destroyed 14 | 1 9 4 Guns 10 | 1 5 4 AOE 4 | . 4 . Classes Destroyed 9 | 2 7 . Worker 2 | . 2 . Builder 3 | . 3 . Tunneler 2 | 1 1 . Hauler 1 | . 1 . Recycler 1 | . 1 . Mechanic 1 | . 1 . Watcher 2 | . 2 . Swarmer 7 | . 3 4 Grunt 7 | 1 6 . Best Kill Streak 6 | 1 6 3 Combat Bots Only 4 | 1 4 3 Max Kills in Single Turn 2 | 1 2 2 Gunslinging 1 | . 1 . Exploded 2 | . 2 . Melee . | . . . Uniques/NPCs Destroyed . | . . . Combat | -11 -10 -10 -------- Run | Yrd Mat Min Hostile Shots Fired 105 | 8 82 15 Missed 32 | 3 21 8 Damage Taken 841 | 57 716 68 Core 256 | 23 180 53 Absorbed by Shields . | . . . Core Remaining (%) 90 | 90 . . Volleys Fired 73 | 14 53 6 Largest 2 | 2 2 2 Hottest 100 | 100 100 50 Shots Fired 120 | 21 88 11 Gun 101 | 14 76 11 Cannon 2 | . 2 . Launcher 10 | . 10 . Special 7 | 7 . . Kinetic 44 | . 34 10 Thermal 66 | 21 44 1 Explosive 10 | . 10 . Electromagnetic . | . . . Robot Hit Streak 9 | 4 8 9 Robot Miss Streak 3 | 3 3 1 Penetration Max . | . . . Secondary Targets 2 | . 2 . Max Gunslinging Chain 1 | . 1 . Shots Hit Robots 76 | 8 60 8 Core Hits 40 | 3 32 5 Critical Kills . | . . . Critical Parts Destroyed . | . . . Critical Strikes 4 | 1 3 . Burn 4 | 1 3 . Melee Attacks . | . . . Impact . | . . . Slashing . | . . . Piercing . | . . . Sneak Attacks . | . . . Combat Hostiles . | . . . Follow-up Attacks . | . . . Damage Inflicted 1536 | 114 1340 82 Guns 909 | 114 713 82 Cannons 16 | . 16 . Explosions 611 | . 611 . Melee . | . . . Ramming . | . . . Kinetic 437 | . 367 70 Thermal 488 | 114 362 12 Explosive 611 | . 611 . Electromagnetic . | . . . Impact . | . . . Slashing . | . . . Piercing . | . . . Highest Corruption . | . . . Average Corruption . | . . . Corruption Purged . | . . . Corruption Blocked . | . . . Overload Shots . | . . . Overflow Damage 22 | . 22 . Projectiles . | . . . Explosions 22 | . 22 . Melee . | . . . Knockbacks . | . . . Impact . | . . . Kinetic . | . . . Secondary . | . . . Self-Inflicted Damage 23 | . 23 . Shots 1 | . 1 . Rammed . | . . . Targets Rammed . | . . . Kicked . | . . . Crushed . | . . . Highest Temperature 264 | 264 195 9 Average Temperature 52 | 73 42 5 Received Heat Transfer 327 | 30 282 15 Siege Activations . | . . . Robots Corrupted . | . . . Combat Hostiles . | . . . Parts Fried . | . . . Impact Corruptions . | . . . Robots Melted . | . . . Combat Hostiles . | . . . Parts Melted 2 | . 2 . Heat Transferred 1739 | 407 1295 37 Parts Sabotaged . | . . . Parts Stolen . | . . . Parts Stripped . | . . . Power Chain Reactions . | . . . Alert | -11 -10 -10 ------- Run | Yrd Mat Min Peak Influence 162 | 20 162 129 Initial . | . . . Average 33 | 7 52 53 Maximum Alert Level . | . . . Low Security (%) 100 | 100 100 100 Level 1 . | . . . Level 2 . | . . . Level 3 . | . . . Level 4 . | . . . Level 5 . | . . . High Security . | . . . Max Security . | . . . Squads Dispatched . | . . . Investigation . | . . . Extermination . | . . . Reinforcement . | . . . Assault . | . . . Garrison . | . . . Intercept . | . . . Searches Triggered . | . . . Construction Impeded . | . . . Haulers Reinforced . | . . . Active Scanning Responses . | . . . Cargo Convoy Interrupts . | . . . Stealth | -11 -10 -10 --------- Run | Yrd Mat Min Distress Signals . | . . . Communications Jammed . | . . . Distress Signals . | . . . Times Spotted 22 | 1 13 8 Peak Tracking Total 5 | 1 5 3 Tactical Retreats . | . . . Traps | -11 -10 -10 ------- Run | Yrd Mat Min Traps Triggered 5 | . 5 . Indirectly . | . . . Trap Hack Attempts . | . . . Triggered . | . . . Disarmed . | . . . Reprogrammed . | . . . Reused . | . . . Traps Extracted . | . . . Installed . | . . . Triggered . | . . . Machines | -11 -10 -10 ---------- Run | Yrd Mat Min Machines Disabled . | . . . Max in Single Turn . | . . . Machines Repaired . | . . . Machines Dismantled . | . . . Machines Sabotaged . | . . . Overloaded Fab Kills . | . . . Hacking | -11 -10 -10 --------- Run | Yrd Mat Min Machines Accessed 7 | . 7 . Terminals 7 | . 7 . Fabricators . | . . . Repair Stations . | . . . Recycling Units . | . . . Scanalyzers . | . . . Garrison Access . | . . . Total Hacks 22 | . 22 . Successful 12 | . 12 . Failed 10 | . 10 . Catastrophic 1 | . 1 . Database Lockouts . | . . . Manual . | . . . Terminals 22 | . 22 . Fabricators . | . . . Repair Stations . | . . . Recycling Units . | . . . Scanalyzers . | . . . Garrison Access . | . . . Terminal Hacks 12 | . 12 . Record 2 | . 2 . Robot Analysis 2 | . 2 . Prototype ID Bank 1 | . 1 . Recycling Unit Index 1 | . 1 . Alert Level 3 | . 3 . Unreport Threat 1 | . 1 . Locate Traps 1 | . 1 . Registered Components 1 | . 1 . Fabricator Hacks . | . . . Repair Station Hacks . | . . . Recycling Unit Hacks . | . . . Scanalyzer . | . . . Garrison Access Hacks . | . . . Unauthorized Hacks . | . . . Terminals . | . . . Fabricators . | . . . Repair Stations . | . . . Recycling Units . | . . . Scanalyzers . | . . . Garrison Access . | . . . Data Cores Recovered . | . . . Used . | . . . Hacking Detections 5 | . 5 . Full Trace Events . | . . . Feedback Events . | . . . Feedback Blocked . | . . . Robot Schematics Acquired . | . . . Robots Built . | . . . Authchips . | . . . Time . | . . . Total Robot Build Rating . | . . . Part Schematics Acquired . | . . . Parts Built . | . . . Authchips . | . . . Time . | . . . Total Part Build Rating . | . . . Parts Repaired . | . . . Time . | . . . Parts Recycled . | . . . Recycled Matter . | . . . Retrieved Matter . | . . . Retrieved Components . | . . . Parts Scanalyzed . | . . . Part Schematics Acquired . | . . . Parts Damaged . | . . . Bothacking | -11 -10 -10 ------------ Run | Yrd Mat Min Used RIF Installer . | . . . Robots Hacked . | . . . Non-combat . | . . . Combat . | . . . Robot Hacks Applied . | . . . Relay Couplers Released . | . . . Fabnet Peak Effective % . | . . . Robots Rewired . | . . . Allies Hacked . | . . . Hacks Repelled . | . . . Allies | -11 -10 -10 -------- Run | Yrd Mat Min Total Allies 2 | . . 2 Largest Group 2 | . . 2 Highest-Rated Group 45 | . . 45 Highest-Rated Ally 31 | . . 31 Total Orders . | . . . Ally Attacks 3 | . . 3 Total Damage 62 | . . 62 Kills 2 | . . 2 Allies Corrupted . | . . . Allies Melted . | . . . Intel | -11 -10 -10 ------- Run | Yrd Mat Min Robot Analysis Total 2 | . 2 . Derelict Logs Recovered 1 | . . 1 Drone Launches . | . . . Drone Recoveries . | . . . Exploration | -11 -10 -10 ------------- Run | Yrd Mat Min Turns Passed 2280 | 970 1070 240 Spaces Moved 935 | 410 403 122 Core 26 | 17 9 . Treads 20 | . 20 . Legs 494 | 393 101 . Wheels 179 | . 179 . Hover . | . . . Flight 216 | . 94 122 Fastest Speed 37 | 50 37 37 Average Speed 146 | 117 202 58 Slowest Speed 1450 | 120 1450 120 Overloaded Moves . | . . . Propulsion Burnouts . | . . . Robots Hopped 2 | . 1 1 Cave-ins Triggered . | . . . Exploration Rate (%) 41 | 26 76 23 Regions Visited 2 Branch Regions 1 Pre-discovered Areas . | . . . Known Exits Taken . | . . . Unknown Exits Taken 2 | 1 1 . Scrap Searched . | . . . Spaces Dug 2 | 2 . . Terrain Destroyed 24 | 2 22 . Melee . | . . . Projectile 2 | 2 . . AOE 22 | . 22 . Terrain Rammed . | . . . Walls Destroyed . | . . . Machines Disabled . | . . . Actions | -11 -10 -10 --------- Run | Yrd Mat Min Total 1707 | 864 563 280 Wait 608 | 428 34 146 Move 929 | 409 400 120 Hop 2 | . 1 1 Pick Up 38 | 6 32 . Fast Attach 3 | . . 3 Attach 22 | 5 17 . Detach 1 | . 1 . Swap 19 | 2 15 2 Drop 12 | . 10 2 Fire 73 | 14 53 6 Melee . | . . . Ram . | . . . Kick . | . . . Crush . | . . . Escape Stasis . | . . . Rewire . | . . . Trap . | . . . Miscellaneous . | . . . Route ------- -11/Scrapyard -10/Materials (discovered 4 exits: [*Mat x2] / [*Min x2]) -10/Mines (discovered 1 exit: [*Mat]) History --------- Turn | Location | Event 2 | -11/Scrapyard | Met Revision 17 57 | -11/Scrapyard | Discovered new exit (range 8) 971 | -11/Scrapyard | Entered Materials 971 | -10/Materials | Discovered new exit (range 7) 972 | -10/Materials | Build established: Mutant 1141 | -10/Materials | Discovered new exit (range 16) 1440 | -10/Materials | Discovered new exit (range 5) 1654 | -10/Materials | Core integrity fell below 50% 1704 | -10/Materials | Core integrity fell below 20% 1707 | -10/Materials | Discovered new exit (range 12) 2041 | -10/Materials | Entered Mines 2151 | -10/Mines | Learned Materials stockpile data 2166 | -10/Mines | Discovered new exit (range 3) 2281 | -10/Mines | Destroyed by G-34 Mercenary with Small Laser Last Messages --------------- 02167_ Acquired 11 matter. 02170_ Acquired 10 matter. 02173_ Acquired Lgt. Assault Rifle. 02180_ Dropped Med. Laser. 02181_ Acquired Lgt. Assault Rifle. 02187_ K-01 Serf cleans the Core Extractor. 02195_ S-10 Pest destroyed. 02197_ K-01 Serf collects debris. 02198_ S-10 Pest destroyed. 02200_ K-01 Serf cleans the Core Extractor. 02202_ Acquired 16 matter. 02205_ Acquired 10 matter. 02206_ K-01 Serf collects debris. 02206_ Acquired 11 matter. 02208_ Dropped Flight Unit. 02209_ Acquired Flight Unit. 02211_ K-01 Serf collects debris. 02220_ R-06 Scavenger collects Lgt. Assault Rifle. 02222_ Acquired 11 matter. Map ----- +----------------------------------------------------+ | | | | | | | | | | | | | | | ?????????????????????????????????????????????????? | | ?????????????????????????????????????????????????? | | ????????????????????????####?????????????????????? | | ??????################### ##????????????????????? | | ??????# #??##############????? | | ??????# ########## #??# #????? | | ??????# #????????# #??# ########## ####?? | | ??????# #????????## #??# #??# #?? | | ??????# #?????????# #??# #??# #?? | | ??????# #?????????## ##### #??# """ """ ### | | ??????########??????????# #??# """ """ | | ????????????????????????# #######??# """ """ ### | | ????????????????????????# #????????# =[ #?? | | ????????????????????????# #????????# = #?? | | ????????????????????????# #????????############?? | | ????????????????????????# #?????????????????????? | | ????????????????????????# #?????????????????????? | | ????????????????????????# #####?????????????????? | | ????????????????????????#@ g #?????????????????? | | ????????????????????????# #????????????? | | ???????????????????????? #???????????? | | ???????????????????????# #??????????? | | ??????????????????????? g ?????????? | | ?????????????????????? g ??????????? | | ?????????????????????? ?????????? | | ????????????????????? k## ??????????? | | ???????????????????? ######?# ??????????? | | ???????????????????? #????????# ???????????? | | ??????????????????? #?????????? #???????????? | | ??????????????????? #???????????? ##????????????? | | ??????????????????????????????????#??????????????? | | ?????????????????????????????????????????????????? | | ?????????????????????????????????????????????????? | | ?????????????????????????????????????????????????? | | ?????????????????????????????????????????????????? | | ?????????????????????????????????????????????????? | | ?????????????????????????????????????????????????? | | ?????????????????????????????????????????????????? | | ?????????????????????????????????????????????????? | | ?????????????????????????????????????????????????? | | ?????????????????????????????????????????????????? | | ?????????????????????????????????????????????????? | | ?????????????????????????????????????????????????? | +----------------------------------------------------+ Best States ------------- Heat Dissipation 35 Energy Generation 10 Energy Capacity 250 Matter Stores 300 Matter Capacity 300 Sight Range 16 Terrain Scan Density 85 Additional Mass Support 6 Armor Coverage 150 Propulsion Shielding 33 Evasion (%) 62 Recoil Reduction 1 Item Schematics ----------------- None Robot Schematics ------------------ None Fabricated ------------ Nothing Alien Tech Used ----------------- None Achievements -------------- Everything Is Under Control Challenges ------------ None Game ------ Seed HeartTransportClaymores Manual? 0 Play Time 00:20:59 Cumulative 1.3 hours Start 2024.03.31 @ 11:25:13 End 2024.03.31 @ 11:43:27 Sessions 1 Manual Loads 0 Difficulty Rogue Special Mode None Game No. 3 Rogue 3 Adventurer 0 Explorer 0 Win Type - Total 0 Types 0/0/0/0/0/0/0/0/0 Lore% 2 Gallery% 4 Achievement% 5 Wizard Run 0 Options --------- Layout 1 ASCII 0 Keyboard 0 Movement Mouse Keybinds 0 Fullscreen 2 Font 24/Proggy Map View 50x35 Zoom Use 0% Tactical HUD 1 Map Filters NONE Filters NONE Steam 1 RUN: c493b73f-8103-4ff6-aae0-1e18c2608c13